 Dungeon Crawl Stone Soup version 0.29.0-13-gc9e81de378 (webtiles) character file.

Game seed: 2591425326549848831

44 howech the Grasshopper (level 4, -1/37 HPs)
             Began as a Meteoran Warper on Sept 10, 2022.
             Succumbed to an adder's poison
             ... on level 3 of the Dungeon.
             The game lasted 00:03:51 (823 turns).

howech the Grasshopper (Meteoran Warper)             Turns: 823, Time: 00:03:51

Health: -1/37      AC:  3    Str: 12    XL:     4   Next: 10%
Magic:  9/9        EV: 12    Int: 16    God:
Gold:   37         SH:  0    Dex: 14    Spells: 7/9 levels left

rFire   . . .      SeeInvis .   a - +0 mace
rCold   . . .      Faith    .   (no shield)
rNeg    . . .      Spirit   .   b - +0 leather armour
rPois   .          Reflect  .   (no helmet)
rElec   .          Harm     .   (no cloak)
rCorr   .          Rampage  .   (no gloves)
Will    .....                   (no boots)
Stlth   +.........              (no amulet)
HPRegen 0.12/turn               (no ring)
MPRegen 0.11/turn               (no ring)

@: lethally poisoned (-1 -> -7), glowing, very slow
A: sense surroundings 1, otherworldly, glowing, explore regen
a: no special abilities


You were on level 3 of the Dungeon.
You visited 1 branch of the dungeon, and saw 3 of its levels.

You collected 37 gold pieces.

Inventory:

Hand Weapons
 a - a +0 mace (weapon)
Missiles
 d - 7 boomerangs of dispersal (quivered)
Armour
 b - a +0 leather armour (worn)
Scrolls
 c - a scroll of blinking
 f - a scroll of butterflies {unknown}
 g - 2 scrolls of teleportation {unknown}
 j - a scroll of enchant armour {unknown}
Potions
 k - a potion of curing
 l - a potion of resistance {unknown}


   Skills:
 + Level 2.5 Fighting
 + Level 3.2 Maces & Flails
 + Level 1.8 Throwing
 + Level 1.8 Armour
 + Level 2.8 Dodging
 + Level 3.2 Spellcasting
 + Level 3.9 Translocations


You had 7 spell levels left.
You knew the following spells:

 Your Spells              Type           Power      Damage    Failure   Level
a - Blink                 Tloc           30%        N/A       7%          2

Your spell library contained the following spells:

 Spells                   Type           Power      Damage    Failure   Level
 Gell's Gravitas          Tloc           15%        N/A       14%         3
 Lesser Beckoning         Tloc           15%        N/A       14%         3
 Teleport Other           Tloc           15%        N/A       14%         3
 Sublimation of Blood     Necr           2%         N/A       34%         2
 Wereblood                Tmut           2%         N/A       34%         2
 Manifold Assault         Tloc           15%        N/A       78%         5
 Summon Hydra             Summ           1%         N/A       100%        7


Dungeon Overview and Level Annotations

Branches:
Dungeon (3/15) Zot: 948

Altars:


Innate Abilities, Weirdness & Mutations

You passively map a small area around you.
You are easily found by Zot.
You glow in the dark.
You regain HP and MP as you explore.


Message History

You hear the rusting of a drain.
The adder bites you.
You are poisoned.
The adder poisons you! The adder bites you but does no damage.
Your unstable footing causes you to fumble your attack.
You feel sick. The adder bites you.
Your unstable footing causes you to fumble your attack.
You feel sick. The adder bites you.
* * * LOW HITPOINT WARNING * * *
The adder bites you.
* * * LOW HITPOINT WARNING * * *
You sock the adder!
The adder is heavily wounded.
You feel sick. The adder bites you.
* * * LOW HITPOINT WARNING * * *
The adder bites you.
* * * LOW HITPOINT WARNING * * *
Your unstable footing causes you to fumble your attack.
* * * LOW HITPOINT WARNING * * *
You feel sick. The adder completely misses you.
Your unstable footing causes you to fumble your attack.
* * * LOW HITPOINT WARNING * * *
You feel sick.
You are no longer poisoned.
The adder barely misses you. The adder bites you but does no damage.
You closely miss the adder.
The adder is heavily wounded.
The adder closely misses you.
You barely miss the adder.
The adder is heavily wounded.
The adder bites you but does no damage. x2
You hit the adder.
The adder is severely wounded.
The adder bites you.
* * * LOW HITPOINT WARNING * * *
You are lethally poisoned!
The adder poisons you!
You closely miss the adder.
The adder is severely wounded.
You die...

* #....)...#
########.#####
#.....# ,*
#.###.# * ,*
#.###.#**
#.##~## ~~ *
#.##.#~ ,
#.##~# ~
#..#@# *,
#..#S#~ * #~#
* #~# #~#* **
* ##~ , *# * *


You could see an adder.

Vanquished Creatures
  2 adders (D:3)
  A dart slug (D:1)
  3 endoplasms (D:1)
  A giant cockroach (D:1)
  2 hobgoblins
  2 quokkas (D:1)
  4 ball pythons
  2 bats
  3 goblins
  A kobold (D:3)
  4 rats
25 creatures vanquished.

Notes
Turn   | Place    | Note
-------+----------+-------------------------------------------
     0 | D:1      | howech the Meteoran Warper began the quest for the Orb.
     0 | D:1      | Reached XP level 1. HP: 17/17 MP: 5/5
    65 | D:1      | Reached XP level 2. HP: 17/24 MP: 6/6
    81 | D:1      | Learned a level 2 spell: Blink
   319 | D:1      | Reached XP level 3. HP: 24/30 MP: 8/8
   489 | D:1      | Glimpsed the power of Zot.
   501 | D:1      | Found a faded altar of an unknown god.
   539 | D:1      | Glimpsed the power of Zot.
   809 | D:3      | Reached XP level 4. HP: 23/37 MP: 9/9
   819 | D:3      | HP: 1/37 [poisoned by an adder]
   823 | D:3      | Succumbed to an adder's poison

Illustrated notes

Levels and vault maps discovered:
D:1:      minmay_arrival_wavy_path, layout_basic,
          shapermc_ecumenical_altar_mp_ritualfount, corexii_leaking_fountain,
          minivault_27
D:2:      layout_loops_cross
D:3:      layout_loops_ring, gammafunk_temple_overflow_elements,
          gup_sewer_entry_spiral

Skill      XL: |  1  2 |
---------------+-------+-----
Spellcasting   | 3 |  3.2
Maces & Flails | 3 |  3.2
Fighting       | |  2.5
Throwing       | |  1.8
Armour         | |  1.8
Dodging        | |  2.8
Translocations | |  3.9

Action                   |  1- 3 |  4- 6 || total
-------------------------+-------+-------++-------
Melee: Mace              |    97 |    15 ||   112
  Use: Potion            |     4 |       ||     4
Armor: Leather armour    |    53 |     7 ||    60
Dodge: Dodged            |    69 |     5 ||    74
